 Dungeon Crawl Stone Soup version 0.19-a0-1216-g363869b (webtiles) character file.

1605 4thArraOfDagon the Grappler (level 8, -11/74 HPs)
             Began as a Troll Fighter on Aug 23, 2016.
             Was an Elder of Cheibriados.
             Killed from afar by Erica (32 damage)
             ... with an orb of energy
             ... on level 8 of the Dungeon.
             The game lasted 00:06:58 (1731 turns).

4thArraOfDagon the Grappler (Troll Fighter)         Turns: 1731, Time: 00:06:59

Health: -11/74     AC:  5    Str: 34    XL:     8   Next: 63%
Magic:  8/10       EV: 10    Int: 15    God:    Cheibriados [****..]
Gold:   193        SH:  9    Dex: 18    Spells: 1 memorised, 5 levels left

rFire  . . .     SeeInvis .       - Unarmed
rCold  . . .     Gourm    +     t - +0 robe {MR+}
rNeg   . . .     Faith    .     f - -2 shield (curse)
rPois  .         Spirit   .     (helmet restricted)
rElec  .         Dismiss  .     (no cloak)
rCorr  .         Reflect  .     (gloves unavailable)
MR     +....     Harm     .     (boots unavailable)
Stlth  +++.......               (no amulet)
                                (no ring)
                                u - ring of stealth

@: very slow
A: unfitting armour, claws 3, blurry vision 1, fast metabolism 3, gourmand,
sense surroundings 1, regeneration 1, shaggy fur 1, tough skin 2, subdued magic
1
a: Bend Time, Temporal Distortion, Slouch, Renounce Religion


You were on level 8 of the Dungeon.
You worshipped Cheibriados.
Cheibriados was greatly pleased with you.
You were very full.

You visited 1 branch of the dungeon, and saw 9 of its levels.

You collected 193 gold pieces.

Inventory:

Armour
 a - a +0 robe
 b - a +0 shield
 f - a cursed -2 shield (worn)
 t - a +0 robe of magic resistance (worn)
Jewellery
 u - a ring of stealth (left claw)
Wands
 s - a wand of slowing (35/48)
Scrolls
 e - a scroll of recharging {unknown}
 g - 2 scrolls of remove curse {unknown}
 h - a scroll of teleportation {unknown}
 i - a scroll of enchant weapon {unknown}
 l - 2 scrolls of noise
 n - 2 scrolls of immolation {unknown}
 w - a scroll of vulnerability {unknown}
Potions
 c - 2 potions of might
 m - a potion of curing
 o - 2 potions of agility
 p - a potion of heal wounds
 q - a potion of resistance {unknown}
 r - 2 potions of cure mutation
 v - a potion of invisibility {unknown}
Books
 k - a book of Geomancy

   Spells                             Type                      Level
   a - Sandblast                      Earth                        1
   b - Passwall                       Transmutation/Earth          2
   c - Stone Arrow                    Conjuration/Earth            3
   d - Petrify                        Transmutation/Earth          4
   e - Lee's Rapid Deconstruction     Earth                        5
Comestibles
 d - 5 bread rations
 j - 3 meat rations


   Skills:
 - Level 2.4 Fighting
 - Level 2.6 Dodging
 + Level 5.0 Shields
 * Level 8.2 Unarmed Combat
 + Level 4.5 Invocations


You had 5 spell levels left.
You knew the following spells:

 Your Spells              Type           Power        Failure   Level  Hunger
a - Passwall              Tmut/Erth      #.........   85%         2    ###....


Dungeon Overview and Level Annotations

Branches:
Dungeon (9/15)
 Temple: D:4-7         Lair: D:8-11         Orc: D:9-12

Altars:
Cheibriados
Dithmenos
Fedhas
Gozag
Uskayaw

Annotations:
D:8 Erica


Innate Abilities, Weirdness & Mutations

You are too large for most types of armour.
You have claws for hands.
Your metabolism is lightning-fast.
You like to eat raw meat.
Your natural rate of healing is unusually fast.
You are covered in fur. (AC +1)
You have very tough skin. (AC +2)
Scrolls take you a little longer to read.
You passively map a small area around you.
Your spells are a little easier to cast, but a little less powerful.


Message History

Unknown command.
The flow of time bends around you.
Cheibriados rebukes something.
You feel slightly less full.
You completely miss something. Something hits you! Something burns you.
You claw something! You closely miss something. Something hits you!
Something burns you.
You miss something. You block the orc's attack.
You closely miss something. Something hits you! Something burns you.
You block the orc's attack.
You claw something! You miss something. You block the orc's attack.
Something hits you! Something burns you.
* * * LOW HITPOINT WARNING * * *
Unknown command.
You fail to use your ability.
The orc closely misses you.
You hear some strange, mumbled words.
An orb of energy appears from out of thin air!
The orb of energy hits you!
You die...

#........# ...## , *
#........###..).###* ,
,................... .. ,
............# .# , ..
.........#### .. ##.
..........## #.#* #.. ,
@..#..###..######..# #.#
.....).o##.....###.###.#
,#.<. #.@......).#..##.#
..... ########(#.......#
, ...., #### #)#.......##
.... ....#* #...........
, , * )....# #...........
, , ......##....).)....
.......#..)([.<>... ,
........(...)))...# *
...%....ยง..#(..........#


You could see an orc.

Vanquished Creatures
  A yak (D:8)
  A sky beast (D:8)
  2 ogres
  A centaur (D:7)
  A big kobold (D:8)
  4 giant frogs
  A water moccasin skeleton (D:8)
  2 crimson imps (D:6)
  A quasit (D:5)
  A hound (D:8)
  A centaur skeleton (D:4)
  3 orc priests
  A gnoll shaman (D:8)
  4 orc wizards
  2 worker ants
  A hound skeleton (D:4)
  Robin (D:4)
  A worker ant zombie (D:8)
  8 adders
  7 gnolls
  3 shadow imps
  An ooze (D:3)
  2 dart slugs (D:4)
  3 giant geckos
  19 orcs
  A ball python (D:3)
  2 giant cockroaches
  7 goblins
  7 hobgoblins
  4 jackals
  8 kobolds
  3 quokkas
  3 bats
  4 giant newts
  A quokka zombie (D:6)
  3 rats (D:3)
115 creatures vanquished.

Vanquished Creatures (others)
  An orc wizard (D:4)
1 creature vanquished.

Grand Total: 116 creatures vanquished

Notes
Turn   | Place    | Note
-------+----------+-------------------------------------------
     0 | D:1      | 4thArraOfDagon the Troll Fighter began the quest for the Orb.
     0 | D:1      | Reached XP level 1. HP: 22/22 MP: 0/0
   155 | D:2      | Reached XP level 2. HP: 27/29 MP: 1/1
   178 | D:3      | Reached skill level 3 in Unarmed Combat
   205 | D:3      | Reached XP level 3. HP: 29/36 MP: 2/2
   213 | D:3      | Found a snail-covered altar of Cheibriados.
   222 | D:3      | Became a worshipper of Cheibriados the Contemplative
   312 | D:2      | Reached XP level 4. HP: 41/44 MP: 3/3
   341 | D:2      | Turgon: !lg 4thArraOfDagon -log
   349 | D:2      | beem: 12200. 4thArraOfDagon, XL13 TrFi, T:6058: http://crawl.xtahua.com/crawl/morgue/4thArraOfDagon/morgue-4thArraOfDagon-20160823-170748.txt
   381 | D:3      | Reached * piety under Cheibriados
   426 | D:3      | Reached skill level 4 in Unarmed Combat
   426 | D:3      | Reached skill level 1 in Invocations
   517 | D:3      | Reached XP level 5. HP: 48/50 MP: 4/4
   548 | D:4      | Found a blossoming altar of Fedhas.
   596 | D:4      | Noticed Robin
   606 | D:4      | Killed Robin
   749 | D:4      | Reached XP level 6. HP: 24/59 MP: 6/6
   802 | D:5      | Entered Level 5 of the Dungeon
   802 | D:5      | Found an opulent altar of Gozag.
   807 | D:5      | Reached skill level 5 in Unarmed Combat
   972 | D:5      | Reached ** piety under Cheibriados
  1024 | D:6      | Learned a level 2 spell: Passwall
  1034 | D:6      | Found a hide-covered altar of Uskayaw.
  1244 | D:8      | Reached XP level 7. HP: 66/66 MP: 8/8
  1252 | D:7      | Reached skill level 6 in Unarmed Combat
  1336 | D:8      | Reached *** piety under Cheibriados
  1350 | D:8      | Reached skill level 7 in Unarmed Combat
  1354 | D:9      | Noticed a yak
  1354 | D:9      | Noticed a yak
  1354 | D:9      | Noticed a yak
  1354 | D:9      | Noticed a yak
  1365 | D:8      | Killed a yak
  1365 | D:8      | Reached XP level 8. HP: 26/74 MP: 9/9
  1428 | D:8      | Noticed Erica
  1492 | D:6      | Found a shadowy altar of Dithmenos.
  1669 | D:8      | Reached **** piety under Cheibriados
  1669 | D:8      | Reached skill level 8 in Unarmed Combat
  1679 | D:8      | Reached skill level 5 in Shields
  1695 | D:8      | Gained mutation: Scrolls take you a little longer to read. [mutagenic meat]
  1698 | D:8      | Gained mutation: Your spells are a little easier to cast, but a little less powerful. [mutagenic meat]
  1701 | D:8      | Gained mutation: You passively map a small area around you. [mutagenic meat]
  1731 | D:8      | Killed from afar by Erica

Vault maps used:
D:1:      dpeg_arrival_tiny_f
D:3:      lemuel_zombie_altar_kikubaaqudgha, lemuel_doored_altar,
          old_standard_altar, serial_bayou_pond_b
D:4:      nicolae_overflow_crystal_walls, minmay_distorted, uniq_robin
D:5:      old_standard_altar, lemuel_crystal_altar, first_bread,
          nemelex_spade_bored_becter, uniq_grinder
D:6:      kennysheep_mini_moat, basic_altar, guppyfry_early_elven_hall
D:7:      kennysheep_path_1
D:8:      gammafunk_temple_overflow_wave, uniq_erica
D:9:      bloody_trog, lightli_temple_of_fire, nicolae_ru_sacrificial_ziggurat,
          serial_shops, shop

Skill      XL: |  1  2  3  4  5  6  7  8 |
---------------+-------------------------+-----
Unarmed Combat | 3 4 5 7 8 |  8.2
Shields        | 3 4 5 |  5.0
Invocations    | 1 2 3 4 |  4.5
Fighting       | |  2.4
Dodging        | |  2.6

Action                   |  1- 3 |  4- 6 |  7- 9 || total
-------------------------+-------+-------+-------++-------
Melee: Unarmed           |    57 |   149 |   146 ||   352
Invok: Bend Time         |       |       |     1 ||     1
  Use: Scroll            |       |     3 |     2 ||     5
 Stab: Sleeping          |       |     1 |       ||     1
  Eat: Chunk             |     6 |     8 |     5 ||    19
Armor: Robe              |    30 |    40 |    28 ||    98
Dodge: Dodged            |    29 |    56 |    55 ||   140
Block: Shield            |    18 |    65 |    74 ||   157
